 Dungeon Crawl Stone Soup version 0.27.1-33-g824d729ab1 (webtiles) character file.

Game seed: 8310608473350108266

2678 lordive the Basher (level 9, -6/56 HPs)
             Began as a Gargoyle Monk on Dec 27, 2021.
             Was an Elder of Okawaru.
             Mangled by an orc warrior (11 damage)
             ... on level 8 of the Dungeon.
             The game lasted 00:10:36 (7727 turns).

lordive the Basher (Gargoyle Monk)                  Turns: 7727, Time: 00:10:36

Health: -6/56      AC: 19    Str: 17    XL:     9   Next: 64%
Magic:  0/11       EV: 10    Int: 12    God:    Okawaru [****..]
Gold:   299        SH: 11    Dex: 12    Spells: 8/8 levels left

rFire    + . .     SeeInvis +   r - +2 whip (holy)
rCold    . . .     Faith    .   G - +2 kite shield
rNeg     + . .     Spirit   +   E - +2 scale mail {Will+}
rPois    ∞         Reflect  .   (no helmet)
rElec    +         Harm     .   a - +1 cloak {rCorr}
rCorr    +         Rampage  .   (no gloves)
Will     +....                  (no boots)
Stlth    ++........             h - amulet of guardian spirit
HPRegen  0.18/turn              i - ring of protection from fire
MPRegen  0.12/turn              o - ring of see invisible

@: heroic
A: sickness immunity, AC +6, negative energy resistance 1, electricity
resistance, torment resistance 1, petrification resistance
a: Renounce Religion, Heroism


You were on level 8 of the Dungeon.
You worshipped Okawaru.
Okawaru was greatly pleased with you.
You visited 2 branches of the dungeon, and saw 9 of its levels.

You collected 299 gold pieces.

Inventory:

Hand Weapons
 r - a +2 whip of holy wrath (weapon)
 u - a +0 morningstar
Armour
 a - a +1 cloak of preservation (worn)
 e - a +0 plate armour
 v - a scarf of invisibility
 E - a +2 scale mail of willpower (worn)
 G - a +2 kite shield (worn)
Jewellery
 h - an amulet of guardian spirit (around neck)
 i - a ring of protection from fire (left hand)
 o - a ring of see invisible (right hand)
 B - a ring of protection from fire
 D - a ring of resist corrosion
Wands
 C - a wand of flame (24)
Scrolls
 d - 2 scrolls of fog {unknown}
 f - 5 scrolls of teleportation {unknown}
 g - 4 scrolls of identify {unknown}
 k - a scroll of vulnerability {unknown}
 n - 3 scrolls of immolation {unknown}
 p - 2 scrolls of enchant armour {unknown}
 q - 2 scrolls of fear {unknown}
 y - a scroll of blinking {unknown}
 z - a scroll of magic mapping {unknown}
Potions
 b - 2 potions of ambrosia {unknown}
 c - 4 potions of might {unknown}
 j - 2 potions of attraction {unknown}
 l - 2 potions of haste {unknown}
 m - a potion of brilliance {unknown}
 s - 2 potions of degeneration {unknown}
 t - a potion of heal wounds {unknown}
 w - a potion of magic {unknown}
 x - 3 potions of curing {unknown}
 A - 2 potions of lignification {unknown}
 F - a potion of invisibility {unknown}


   Skills:
 + Level 6.9(11.9) Fighting
 + Level 8.4(13.4) Maces & Flails
 + Level 6.2(11.2) Armour
 + Level 3.2(8.2) Dodging
 + Level 2.8(7.8) Stealth
 * Level 0.2(5.2) Shields
 * Level 3.6 Invocations
 * Level 3.5 Evocations


You had 8 spell levels left.
You didn't know any spells.
Your spell library contained the following spells:

 Spells                   Type           Power      Damage    Failure   Level
 Magic Dart               Conj           0%         1d3       97%         1
 Shock                    Conj/Air       0%         1d3       97%         1
 Blink                    Tloc           N/A        N/A       99%         2
 Call Imp                 Summ           0%         N/A       99%         2
 Call Canine Familiar     Summ           0%         N/A       100%        3
 Lesser Beckoning         Tloc           0%         N/A       100%        3
 Mephitic Cloud           Conj/Pois/Air  0%         N/A       100%        3
 Portal Projectile        Hex/Tloc       0%         N/A       100%        3
 Swiftness                Air            0%         N/A       100%        3
 Airstrike                Air            0%         N/A       100%        4
 Leda's Liquefaction      Hex/Erth       0%         N/A       100%        4
 Petrify                  Tmut/Erth      0%         N/A       100%        4
 Irradiate                Conj/Tmut      0%         3d13      100%        5
 Manifold Assault         Tloc           0%         N/A       100%        5
 Sublimation of Blood     Necr           Unusable   N/A       N/A         2

Dungeon Overview and Level Annotations

Branches:
Dungeon (8/15)             Temple (1/1) D:5
   Lair: D:8-11

Altars:
Ashenzari
Elyvilon
Fedhas
Gozag
Hepliaklqana
Kikubaaqudgha
Makhleb
Nemelex Xobeh
Okawaru
Qazlal
Sif Muna
Trog
Uskayaw
Vehumet
Wu Jian
Xom
Zin
The Shining One

Shops:
D:1 (*(!


Innate Abilities, Weirdness & Mutations

You are immune to sickness and miasma.
Your stone body is resilient. (AC +6)
You are immune to poison.
You resist negative energy. (rN+)
You are resistant to electric shocks. (rElec)
You are resistant to unholy torment.
You are immune to petrification.


Message History

The orc warrior is moderately wounded.
The orc warrior hits you with a +0 war axe!
You closely miss the orc warrior.
The orc warrior is moderately wounded.
The orc warrior barely misses you.
You gain the combat prowess of a mighty hero.
The orc warrior hits you but does no damage.
You whack the orc warrior!
The orc warrior is heavily wounded.
You block the orc warrior's attack.
You hit the orc warrior.
The orc warrior is severely wounded.
The orc warrior hits you with a +0 war axe!
* * * LOW HITPOINT WARNING * * *
You closely miss the orc warrior.
The orc warrior is severely wounded.
You hit the orc warrior but do no damage.
The orc warrior is severely wounded.
The orc warrior hits you with a +0 war axe.
* * * LOW HITPOINT WARNING * * *
Your scale mail prevents you from hitting the orc warrior.
The orc warrior is severely wounded.
The orc warrior misses you.
You hit the orc warrior.
The orc warrior is almost dead.
You block the orc warrior's attack.
You barely miss the orc warrior.
The orc warrior is almost dead.
You hit the orc warrior but do no damage.
The orc warrior is almost dead.
You block the orc warrior's attack.
You hit the orc warrior but do no damage.
The orc warrior is severely wounded.
The orc warrior closely misses you.
You barely miss the orc warrior.
The orc warrior is severely wounded.
You closely miss the orc warrior.
The orc warrior is severely wounded.
The orc warrior hits you with a +0 war axe!
You die...

# #
....#.######
#..[oo@...#
#..#c####.#
# #.#
#.######
#.##..<#
#.##.###
#....#
######


You could see an orc warrior, a centaur and an orc.

Vanquished Creatures
  Grinder (D:3)
  A wyvern (D:6)
  A steam dragon (D:7)
  3 water moccasins
  2 ice beasts
  2 sky beasts
  2 necrophages (D:5)
  2 ogres
  A centaur (D:7)
  4 bullfrogs
  A water moccasin skeleton (D:6)
  A killer bee (D:4)
  3 wights (D:6)
  A howler monkey (D:4)
  Crazy Yiuf (D:3)
  An orc priest (D:8)
  A bullfrog skeleton (D:5)
  A centaur skeleton (D:6)
  3 hounds
  An iguana (D:7)
  Natasha (thrice) (D:3)
  An orc wizard (D:8)
  A killer bee zombie (D:6)
  2 hound skeletons (D:4)
  7 adders
  3 gnolls (D:4)
  4 howler monkey skeletons
  A shadow imp (D:6)
  2 white imps (D:7)
  An ufetubus (D:7)
  A dart slug (D:4)
  19 orcs
  5 endoplasms
  A giant cockroach (D:2)
  6 goblins
  8 hobgoblins
  2 jackals (D:3)
  3 kobolds
  2 quokkas
  9 ball pythons
  3 bats
  A frilled lizard (D:2)
  5 rats
123 creatures vanquished.

Vanquished Creatures (others)
  4 fungi (D:2)
  3 plants
7 creatures vanquished.

Grand Total: 130 creatures vanquished

Notes
Turn   | Place    | Note
-------+----------+-------------------------------------------
     0 | D:1      | lordive the Gargoyle Monk began the quest for the Orb.
     0 | D:1      | Reached XP level 1. HP: 14/14 MP: 1/1
    34 | D:1      | Found Epudiles's Antique Weapon Shoppe.
    44 | D:1      | Found Korr's Distillery.
   290 | D:1      | Found Cishrest's General Store.
   399 | D:1      | Found Xenkasec's Antique Weapon Shop.
   510 | D:1      | Reached XP level 2. HP: 19/19 MP: 2/2
   907 | D:2      | Found a faded altar of an unknown god.
  1180 | D:2      | Reached XP level 3. HP: 20/24 MP: 1/3
  1744 | D:3      | Reached XP level 4. HP: 24/29 MP: 2/4
  1756 | D:3      | Noticed Natasha
  1761 | D:3      | Killed Natasha
  1762 | D:3      | Reached skill level 4 in Maces & Flails
  1762 | D:3      | Reached skill level 1 in Armour
  1795 | D:3      | Noticed Natasha
  1801 | D:3      | Killed Natasha
  1848 | D:3      | Noticed Natasha
  1857 | D:3      | Killed Natasha
  1858 | D:3      | Reached XP level 5. HP: 25/33 MP: 5/5
  1940 | D:3      | Noticed a sky beast
  1954 | D:3      | Killed a sky beast
  1955 | D:3      | Reached XP level 6. HP: 32/39 MP: 3/6
  2205 | D:3      | Noticed Grinder
  2225 | D:3      | Paralysed by Grinder for 3 turns
  2232 | D:3      | Paralysed by Grinder for 3 turns
  2254 | D:3      | Killed Grinder
  2255 | D:3      | Reached skill level 5 in Fighting
  2255 | D:3      | Reached skill level 5 in Maces & Flails
  2255 | D:3      | Reached XP level 7. HP: 15/44 MP: 5/7
  2796 | D:3      | Found a runed translucent door.
  2797 | D:3      | Noticed Crazy Yiuf
  2847 | D:3      | Killed Crazy Yiuf
  3344 | D:4      | Reached skill level 6 in Maces & Flails
  4400 | D:4      | Found an opulent altar of Gozag.
  4632 | D:5      | Entered Level 5 of the Dungeon
  4653 | D:5      | Found a staircase to the Ecumenical Temple.
  4677 | Temple   | Entered the Ecumenical Temple
  4686 | Temple   | Became a worshipper of Warmaster Okawaru
  4686 | Temple   | Reached * piety under Okawaru
  4686 | Temple   | Reached ** piety under Okawaru
  4828 | D:5      | Reached skill level 1 in Evocations
  4828 | D:5      | Reached XP level 8. HP: 50/50 MP: 8/8
  4929 | D:5      | Reached skill level 1 in Invocations
  5258 | D:6      | Reached skill level 7 in Maces & Flails
  5283 | D:6      | Found a radiant altar of Vehumet.
  5354 | D:6      | Noticed a wyvern
  5379 | D:6      | Killed a wyvern
  5796 | D:6      | Reached *** piety under Okawaru
  5944 | D:6      | Reached skill level 5 in Armour
  6320 | D:6      | Reached XP level 9. HP: 48/55 MP: 7/10
  6810 | D:7      | Reached skill level 8 in Maces & Flails
  7140 | D:7      | Reached **** piety under Okawaru
  7194 | D:7      | Found a glowing golden altar of the Shining One.
  7727 | D:8      | Mangled by an orc warrior

Illustrated notes

Levels and vault maps discovered:
D:1:      saegor_arrival_miasma, layout_basic, serial_shops,
          nicolae_shop_window_shopping, nicolae_shop_crystal, shop,
          nicolae_shop_trees
D:2:      layout_loops_ring, dreamdust_ecumenical_altar_grove
D:3:      layout_loops_ring, st_stairs_14, uniq_grinder, uniq_natasha,
          uniq_crazy_yiuf_cottage
D:4:      minmay_angry_zag, layout_basic, marbit_many_paths,
          kennysheep_generic_room_15
D:5:      layout_cave_pools, minmay_temple_entry_drinking_statues
D:6:      layout_cave_pods, mainiacjoe_overflow_small_starburst
D:7:      layout_basic, tso_oasis_becter
D:8:      layout_basic, erik_lair_orcish_takeover, serial_shops, shop,
          corexii_corridor_pit
Temple:   nicolae_temple_no_exploring_needed

Skill      XL: |  1  2  3  4  5  6  7  8  9 |
---------------+----------------------------+-----
Fighting       | 4 5 6 |  6.9
Maces & Flails | 4 5 6 7 8 |  8.4
Armour         | 1 2 4 5 6 |  6.2
Evocations     | 1 2 3 |  3.5
Invocations    | 2 3 |  3.6
Dodging        | 3 |  3.2
Stealth        | |  2.8
Shields        | |  0.2

Action                   |  1- 3 |  4- 6 |  7- 9 || total
-------------------------+-------+-------+-------++-------
Melee: Mace              |    85 |    78 |    16 ||   179
       Whip              |       |       |   526 ||   526
       Punch             |       |       |     1 ||     1
Invok: Heroism           |       |       |     2 ||     2
 Stab: Sleeping          |     1 |       |       ||     1
Armor: Plate armour      |    67 |    46 |   253 ||   366
       Scale mail        |       |       |    88 ||    88
Dodge: Dodged            |    20 |    13 |   186 ||   219
Block: Kite shield       |       |       |    14 ||    14
